3AA
BELVEDERE PARK RAWHIDES @ BETHESDA ATOMS
08/08/2038
 
TOP OF THE 1ST
Belvedere Park Rawhides batting - Pitching for Bethesda Atoms : RHP Joshua Neal
Pitching: RHP Joshua Neal
Batting: SHB Hélio Capriati 0-0: Ball
1-0: Ground out U3 (Groundball, 3, EV 100.6 MPH)
Batting: RHB Mauro Jasso 0-0: Ball
1-0: Ball
2-0: Swinging Strike
2-1: Fly out, F7 (Flyball, 78M, EV 92.5 MPH)
Batting: SHB Yeow-whye Zhu 0-0: Ball
1-0: Foul Ball, location: 2F
1-1: Swinging Strike
1-2: Foul Ball, location: 2F
1-2: Strikes out swinging
Top of the 1st over - 0 runs, 0 hits, 0 errors, 0 left on base; Belvedere Park 0 - Bethesda 0
BOTTOM OF THE 1ST
Bethesda Atoms batting - Pitching for Belvedere Park Rawhides : RHP Héctor Barrera
Pitching: RHP Héctor Barrera
Batting: RHB Kian Curling 0-0: Ball
1-0: Swinging Strike
1-1: Ground out 6-3 (Groundball, 6M, EV 78.1 MPH)
Batting: RHB Wilson Mitchell 0-0: Swinging Strike
0-1: Ball
1-1: Ball
2-1: SINGLE (Line Drive, 9S, EV 107.5 MPH)
Batting: RHB José Ortega 0-0: 2-RUN HOME RUN (Flyball, 7D, EV 91.9 MPH), Distance : 355 ft
Batting: LHB Felipe Dávila 0-0: Foul Ball, location: 2F
0-1: SINGLE (Groundball, 4MD, EV 103.8 MPH)
Batting: RHB Andy Combs 0-0: Ball
1-0: Called Strike
1-1: Ball
2-1: Swinging Strike
2-2: Ball
3-2: SINGLE (Line Drive, 6D, EV 109.4 MPH)
Felipe Dávila to second
Batting: RHB Alan Hubbard 0-0: Called Strike
0-1: Ball
1-1: Called Strike
1-2: Ball
2-2: Reached on error, E3 (Groundball, 34, EV 83.1 MPH)
Felipe Dávila to third
Andy Combs to second
Batting: RHB Tomas van Noord 0-0: Ball
1-0: Swinging Strike
1-1: Called Strike
1-2: Strikes out swinging
Batting: SHB Ramón Muńóz 0-0: SINGLE (Groundball, 4MD, EV 110.6 MPH)
Felipe Dávila scores
Andy Combs to third
Alan Hubbard to second
Runner from 3rd tries for Home, throw by CF and OUT! 8-2
Bottom of the 1st over - 3 runs, 5 hits, 1 error, 2 left on base; Belvedere Park 0 - Bethesda 3
TOP OF THE 2ND
Belvedere Park Rawhides batting - Pitching for Bethesda Atoms : RHP Joshua Neal
Batting: LHB Alec Hall 0-0: Ball
1-0: SOLO HOME RUN (Flyball, 9D, EV 92.5 MPH), Distance : 351 ft
Batting: RHB Junior Young 0-0: Ball
1-0: Ground out 2-3 (Groundball, 2L, EV 73.1 MPH)
Batting: RHB Roger Snodgrass 0-0: Foul Ball, location: 2F
0-1: Ball
1-1: Ball
2-1: Foul Ball, location: 2F
2-2: Foul Ball, location: 2F
2-2: Foul Ball, location: 2F
2-2: DOUBLE (Line Drive, 78D, EV 108.1 MPH)
Batting: RHB Tony Randolph 0-0: Ball
1-0: Ball
2-0: Called Strike
2-1: Ball
3-1: Called Strike
3-2: Base on Balls
Batting: SHB Amadeo Álvarez 0-0: Ball
1-0: Fly out, F9 (Line Drive, 9D, EV 95.0 MPH)
Batting: RHB Enrique De La Rosa 0-0: Ball
1-0: Foul Ball, location: 2F
1-1: Called Strike
1-2: Foul Ball, location: 2F
1-2: Ball
2-2: Foul Ball, location: 2F
2-2: Ball
3-2: Strikes out swinging
Top of the 2nd over - 1 run, 2 hits, 0 errors, 2 left on base; Belvedere Park 1 - Bethesda 3
BOTTOM OF THE 2ND
Bethesda Atoms batting - Pitching for Belvedere Park Rawhides : RHP Héctor Barrera
Batting: RHB Mike Marshall 0-0: Called Strike
0-1: Foul Ball, location: 2F
0-2: Ball
1-2: Ground out 3-1 (Groundball, 34, EV 100.0 MPH)
Batting: RHB Kian Curling 0-0: Called Strike
0-1: Ball
1-1: Foul Ball, location: 2F
1-2: Strikes out looking
Batting: RHB Wilson Mitchell 0-0: Ball
1-0: Foul Ball, location: 2F
1-1: SINGLE (Popup, 4D, EV 44.4 MPH)
Batting: RHB José Ortega 0-0: Called Strike
0-1: Foul Ball, location: 2F
0-2: Ball
1-2: Foul Ball, location: 2F
1-2: SINGLE (Line Drive, 4D, EV 95.0 MPH)
Wilson Mitchell to second
Runner from 2nd tries for 3rd, SAFE, no throw by RF
Batting: LHB Felipe Dávila 0-0: Ball
1-0: Ball
2-0: Ground out 4-3 (Groundball, 4, EV 105.6 MPH)
Bottom of the 2nd over - 0 runs, 2 hits, 0 errors, 2 left on base; Belvedere Park 1 - Bethesda 3
TOP OF THE 3RD
Belvedere Park Rawhides batting - Pitching for Bethesda Atoms : RHP Joshua Neal
Batting: SHB Hélio Capriati 0-0: Fly out, F8 (Flyball, 78S, EV 88.1 MPH)
Batting: RHB Mauro Jasso 0-0: Ball
1-0: Ball
2-0: Called Strike
2-1: Ground out 5-3 (Groundball, 5, EV 116.2 MPH)
Batting: SHB Yeow-whye Zhu 0-0: Swinging Strike
0-1: Ball
1-1: Foul Ball, location: 2F
1-2: Foul Ball, location: 2F
1-2: Ball
2-2: Foul Ball, location: 2F
2-2: Ball
3-2: Foul Ball, location: 2F
3-2: Strikes out swinging
Top of the 3rd over - 0 runs, 0 hits, 0 errors, 0 left on base; Belvedere Park 1 - Bethesda 3
BOTTOM OF THE 3RD
Bethesda Atoms batting - Pitching for Belvedere Park Rawhides : RHP Héctor Barrera
Batting: RHB Andy Combs 0-0: Called Strike
0-1: Ground out 5-3 (Groundball, 5, EV 115.6 MPH)
Batting: RHB Alan Hubbard 0-0: Called Strike
0-1: Called Strike
0-2: SOLO HOME RUN (Flyball, 9LD, EV 105.6 MPH), Distance : 345 ft
Batting: RHB Tomas van Noord 0-0: Called Strike
0-1: Swinging Strike
0-2: Strikes out swinging
Batting: SHB Ramón Muńóz 0-0: Ball
1-0: Swinging Strike
1-1: Ball
2-1: Foul Ball, location: 2F
2-2: Strikes out swinging
Bottom of the 3rd over - 1 run, 1 hit, 0 errors, 0 left on base; Belvedere Park 1 - Bethesda 4
TOP OF THE 4TH
Belvedere Park Rawhides batting - Pitching for Bethesda Atoms : RHP Joshua Neal
Pitching: RHP Sébastien Leroy
Batting: LHB Alec Hall 0-0: Called Strike
0-1: Swinging Strike
0-2: Strikes out looking
Batting: RHB Junior Young 0-0: Ball
1-0: Ball
2-0: Ball
3-0: Called Strike
3-1: Base on Balls
Batting: RHB Roger Snodgrass 0-0: Swinging Strike
0-1: Swinging Strike
0-2: Strikes out looking
Batting: RHB Tony Randolph 0-0: Swinging Strike
0-1: Called Strike
0-2: Strikes out swinging
Top of the 4th over - 0 runs, 0 hits, 0 errors, 1 left on base; Belvedere Park 1 - Bethesda 4
BOTTOM OF THE 4TH
Bethesda Atoms batting - Pitching for Belvedere Park Rawhides : RHP Héctor Barrera
Batting: RHB Mike Marshall 0-0: Fly out, F7 (Flyball, 78M, EV 89.4 MPH)
Batting: RHB Kian Curling 0-0: Called Strike
0-1: Ground out 6-3 (Groundball, 6, EV 82.5 MPH)
Batting: RHB Wilson Mitchell 0-0: Ball
1-0: Called Strike
1-1: SOLO HOME RUN (Flyball, 78XD, EV 109.4 MPH), Distance : 410 ft
Batting: RHB José Ortega 0-0: Called Strike
0-1: SINGLE (Flyball, 9LM, EV 87.5 MPH)
Batting: LHB Felipe Dávila 0-0: Ground out 4-3 (Groundball, 4, EV 106.9 MPH)
Bottom of the 4th over - 1 run, 2 hits, 0 errors, 1 left on base; Belvedere Park 1 - Bethesda 5
TOP OF THE 5TH
Belvedere Park Rawhides batting - Pitching for Bethesda Atoms : RHP Sébastien Leroy
Batting: SHB Amadeo Álvarez 0-0: Called Strike
0-1: Ball
1-1: Foul Ball, location: 2F
1-2: Ball
2-2: Strikes out swinging
Batting: RHB Enrique De La Rosa 0-0: Called Strike
0-1: Foul Ball, location: 2F
0-2: Ball
1-2: Fly out, F8 (Line Drive, 8RM, EV 95.0 MPH)
Batting: SHB Hélio Capriati 0-0: Swinging Strike
0-1: SINGLE (Groundball, 6MD, EV 98.1 MPH)
Batting: RHB Mauro Jasso 0-0: Ball
1-0: Called Strike
1-1: Called Strike
1-2: Foul Ball, location: 2F
1-2: Ball
2-2: Foul Ball, location: 2F
2-2: Foul Ball, location: 2F
2-2: Ball
3-2: Strikes out swinging
Top of the 5th over - 0 runs, 1 hit, 0 errors, 1 left on base; Belvedere Park 1 - Bethesda 5
BOTTOM OF THE 5TH
Bethesda Atoms batting - Pitching for Belvedere Park Rawhides : RHP Héctor Barrera
Batting: RHB Andy Combs 0-0: Ball
1-0: Called Strike
1-1: Fly out, F7 (Flyball, 7S, EV 84.4 MPH)
Batting: RHB Alan Hubbard 0-0: Ball
1-0: Fly out, F8 (Flyball, 8RD, EV 100.0 MPH)
Batting: RHB Tomas van Noord 0-0: Ball
1-0: Foul Ball, location: 2F
1-1: Fly out, F8 (Flyball, 8RM, EV 96.9 MPH)
Bottom of the 5th over - 0 runs, 0 hits, 0 errors, 0 left on base; Belvedere Park 1 - Bethesda 5
TOP OF THE 6TH
Belvedere Park Rawhides batting - Pitching for Bethesda Atoms : RHP Sébastien Leroy
Batting: SHB Yeow-whye Zhu 0-0: Ball
1-0: Ball
2-0: Foul Ball, location: 2F
2-1: Foul Ball, location: 2F
2-2: SINGLE (Groundball, 6MD, EV 98.8 MPH)
Batting: LHB Alec Hall 0-0: Fly out, F4 (Popup, 23, EV 83.1 MPH)
Batting: RHB Junior Young 0-0: Foul Ball, location: 2F
0-1: Ball
1-1: Called Strike
1-2: Ball
2-2: Strikes out swinging
Batting: RHB Roger Snodgrass 0-0: Ball
1-0: Foul Ball, location: 2F
1-1: Fly out, F8 (Line Drive, 8LM, EV 91.9 MPH)
Top of the 6th over - 0 runs, 1 hit, 0 errors, 1 left on base; Belvedere Park 1 - Bethesda 5
BOTTOM OF THE 6TH
Bethesda Atoms batting - Pitching for Belvedere Park Rawhides : RHP Héctor Barrera
Batting: SHB Ramón Muńóz 0-0: Foul Ball, location: 2F
0-1: Foul Ball, location: 2F
0-2: Foul Ball, location: 2F
0-2: Ball
1-2: Strikes out swinging
Batting: RHB Mike Marshall 0-0: Ball
1-0: Ball
2-0: Ball
3-0: Base on Balls
Batting: RHB Kian Curling 0-0: Called Strike
0-1: Ball
1-1: Ball
2-1: Foul Ball, location: 2F
2-2: Foul Ball, location: 2F
2-2: Foul Ball, location: 2F
2-2: Foul Ball, location: 2F
2-2: Foul Ball, location: 2F
2-2: Ball
3-2: Foul Ball, location: 2F
3-2: Ground out 5-3 (Groundball, 56S, EV 72.5 MPH)
Mike Marshall to second
Pitching: RHP José Hernández
Batting: RHB Wilson Mitchell 0-0: SINGLE (Groundball, 34D, EV 105.6 MPH)
Mike Marshall to third
Runner from 3rd tries for Home, SAFE, no throw by RF
Batting: RHB José Ortega 0-0: Ball
1-0: Ball
2-0: Swinging Strike
2-1: Called Strike
2-2: Foul Ball, location: 2F
2-2: Fielders Choice at 2nd, 5-4 (Groundball, 56, EV 79.4 MPH)
Bottom of the 6th over - 1 run, 1 hit, 0 errors, 1 left on base; Belvedere Park 1 - Bethesda 6
TOP OF THE 7TH
Belvedere Park Rawhides batting - Pitching for Bethesda Atoms : RHP Sébastien Leroy
Batting: RHB Tony Randolph 0-0: Ball
1-0: Foul Ball, location: 2F
1-1: Called Strike
1-2: Ball
2-2: Ball
3-2: Foul Ball, location: 2F
3-2: Fly out, F8 (Flyball, 8RM, EV 89.4 MPH)
Batting: SHB Amadeo Álvarez 0-0: Swinging Strike
0-1: Ground out 3-1 (Groundball, 34, EV 108.1 MPH)
Batting: RHB Enrique De La Rosa 0-0: Swinging Strike
0-1: Foul Ball, location: 2F
0-2: SINGLE (Groundball, 56D, EV 95.0 MPH)
Batting: SHB Hélio Capriati 0-0: Ball
1-0: Fly out, F1 (Line Drive, P, EV 71.9 MPH)
Top of the 7th over - 0 runs, 1 hit, 0 errors, 1 left on base; Belvedere Park 1 - Bethesda 6
BOTTOM OF THE 7TH
Bethesda Atoms batting - Pitching for Belvedere Park Rawhides : RHP José Hernández
Batting: LHB Felipe Dávila 0-0: Ball
1-0: Called Strike
1-1: SINGLE (Flyball, 7S, EV 87.5 MPH)
Batting: RHB Andy Combs 0-0: Fly out, F7 (Flyball, 78S, EV 96.2 MPH)
Batting: RHB Alan Hubbard 0-0: Ball
1-0: DOUBLE (Line Drive, 78XD, EV 112.5 MPH)
Felipe Dávila to third
Batting: RHB Tomas van Noord 0-0: Ball
1-0: Foul Ball, location: 2F
1-1: Ball
2-1: Foul Ball, location: 2F
2-2: SINGLE (Groundball, 56D, EV 100.0 MPH)
Felipe Dávila scores
Alan Hubbard to third
Runner from 3rd tries for Home, SAFE, throw by LF to home
Tomas van Noord to second
Batting: SHB Ramón Muńóz 0-0: DOUBLE (Line Drive, 8LXD, EV 101.2 MPH)
Tomas van Noord scores
Batting: RHB Mike Marshall 0-0: Called Strike
0-1: Ball
1-1: Fly out, F8 (Flyball, 8RS, EV 83.1 MPH)
Batting: RHB Kian Curling 0-0: Fly out, F7 (Flyball, 7, EV 91.2 MPH)
Bottom of the 7th over - 3 runs, 4 hits, 0 errors, 1 left on base; Belvedere Park 1 - Bethesda 9
TOP OF THE 8TH
Belvedere Park Rawhides batting - Pitching for Bethesda Atoms : RHP Sébastien Leroy
Pinch Hitting: RHB Duane Davis 0-0: Fly out, F9 (Flyball, 9LDF, EV 105.6 MPH)
Batting: SHB Yeow-whye Zhu 0-0: Ball
1-0: Ball
2-0: Ball
3-0: Base on Balls
Pitching: LHP Kevin Beckman
Batting: LHB Alec Hall 0-0: Ball
1-0: Called Strike
1-1: Ball
2-1: Grounds into double play, 6-4-3 (Groundball, 6, EV 88.8 MPH)
Top of the 8th over - 0 runs, 0 hits, 0 errors, 0 left on base; Belvedere Park 1 - Bethesda 9
BOTTOM OF THE 8TH
Bethesda Atoms batting - Pitching for Belvedere Park Rawhides : RHP José Hernández
Now in RF: Duane Davis
Batting: RHB Wilson Mitchell 0-0: Called Strike
0-1: Called Strike
0-2: Foul Ball, location: 2F
0-2: Ball
1-2: SINGLE (Line Drive, 3D, EV 95.6 MPH)
Batting: RHB José Ortega 0-0: Fly out, F9 (Line Drive, 9, EV 88.1 MPH)
Batting: LHB Felipe Dávila 0-0: Ball
1-0: Ball
2-0: Ball
3-0: Base on Balls
Wilson Mitchell to second
Batting: RHB Andy Combs 0-0: DOUBLE (Line Drive, 9LS, EV 105.6 MPH)
Wilson Mitchell scores
Felipe Dávila to third
Pinch Hitting: RHB Bill Richmond 0-0: Called Strike
0-1: Ground out 6-3 (Groundball, 6, EV 92.5 MPH)
Felipe Dávila scores
Batting: RHB Tomas van Noord 0-0: Called Strike
0-1: Ball
1-1: Ball
2-1: Ball
3-1: Fly out, F7 (Flyball, 7, EV 75.6 MPH)
Bottom of the 8th over - 2 runs, 2 hits, 0 errors, 1 left on base; Belvedere Park 1 - Bethesda 11
TOP OF THE 9TH
Belvedere Park Rawhides batting - Pitching for Bethesda Atoms : LHP Kevin Beckman
Now at 1B: Bill Richmond
Batting: RHB Junior Young 0-0: Ball
1-0: Ball
2-0: Called Strike
2-1: Ground out U3 (Groundball, 34, EV 88.8 MPH)
Batting: RHB Roger Snodgrass 0-0: Swinging Strike
0-1: Ball
1-1: Ball
2-1: Ground out 5-3 (Groundball, 56, EV 87.5 MPH)
Batting: RHB Tony Randolph 0-0: Called Strike
0-1: Called Strike
0-2: Ball
1-2: Foul Ball, location: 2F
1-2: Ball
2-2: Ground out 5-3 (Groundball, 56S, EV 84.4 MPH)
Top of the 9th over - 0 runs, 0 hits, 0 errors, 0 left on base; Belvedere Park 1 - Bethesda 11
Friday, April 17th, 2020 - OOTP Baseball 20.8 Build 74